 Dungeon Crawl Stone Soup version 0.30-a0-160-gcfceee88d3 (webtiles) character file.

Game seed: 2643426204653565259

78 qw the Chopper (level 4, -5/28 HPs)
             Began as a Gargoyle Fighter on Sept 27, 2022.
             Slain by an ogre
             ... wielding a +0 giant club
              (16 damage)
             ... on level 3 of the Dungeon.
             The game lasted 00:00:38 (2276 turns).

qw the Chopper (Gargoyle Fighter)                   Turns: 2276, Time: 00:00:39

Health: -5/28      AC: 20    Str: 21    XL:     4   Next: 36%
Magic:  4/4        EV:  5    Int: 13    God:
Gold:   94         SH:  4    Dex:  9    Spells: 3/3 levels left

rFire   . . .      SeeInvis .    Y - +0 war axe
rCold   . . .      Faith    .    c - +0 buckler
rNeg    + . .      Spirit   .    g - +0 plate armour
rPois   inf        Reflect  .    (no helmet)
rElec   +          Harm     .    f - +0 cloak
rCorr   .          Rampage  .    a - -1 pair of gloves "Jimuas" {Regen+ Int+4}
Will    .....                    (no boots)
Stlth   ..........               (no amulet)
HPRegen 0.89/turn                l - +4 ring of protection
MPRegen 0.09/turn                (no ring)

@: no status effects
A: sickness immunity, AC +3, negative energy resistance 1, electricity
resistance, torment resistance 1, petrification resistance
a: no special abilities


You were on level 3 of the Dungeon.
You visited 1 branch of the dungeon, and saw 3 of its levels.

You collected 139 gold pieces.
You spent 45 gold pieces at shops.


Innate Abilities, Weirdness & Mutations

You are immune to sickness and miasma.
Your stone body is resilient. (AC +3)
You are immune to poison.
You resist negative energy. (rN+)
You are resistant to electric shocks. (rElec)
You are resistant to unholy torment.
You are immune to petrification.


   Skills:
 - Level 3.2 Fighting
 + Level 4.1 Axes
 - Level 3.2 Armour
 - Level 3.2 Shields


You had 3 spell levels left.
You didn't know any spells.
Your spell library was empty.

Inventory:

Hand Weapons
 h - a +0 flail
 Y - a +0 war axe (weapon)
Missiles
 e - 5 boomerangs (quivered)
Armour
 a - the -1 pair of gloves "Jimuas" (worn) {Regen+ Int+4}
   (You acquired it on level 1 of the Dungeon)

   Int:       It affects your intelligence (+4).
   Regen:     It increases your rate of health regeneration.
 c - a +0 buckler (worn)
 f - a +0 cloak (worn)
 g - a +0 plate armour (worn)
 j - a scarf of harm
Jewellery
 l - a +4 ring of protection (left hand)
Scrolls
 i - a scroll of fog {unknown}
 k - 2 scrolls of identify
 m - a scroll of enchant weapon {unknown}
Potions
 b - a potion of curing
 d - a potion of might

Dungeon Overview and Level Annotations

Branches:
Dungeon (3/15)

Altars:
Trog

Shops:
D:2 [


Message History

You see here an adder corpse.
A rat comes into view.
The rat moves out of view.
You barely miss the rat. The rat barely misses you.
You slash the rat!
You kill the rat!
m - a scroll labelled YGOIHOSM VAHOLL An orc and an ogre come into view.
The orc shouts!
The ogre shouts!
Throw: 5 boomerangs
Press: ? - help, Q - select action Shift-Dir - straight line, f - orc You throw a boomerang.
The boomerang closely misses the orc.
You barely miss the orc. The orc hits you with a +0 mace.
You hit the orc.
The orc is heavily wounded.
The orc hits you but does no damage.
You slash the orc!
You kill the orc!
You barely miss the ogre. The ogre hits you with a +0 giant club.
You slash the ogre!
The ogre is heavily wounded.
The ogre hits you with a +0 giant club!
Ouch! That really hurt!
You barely miss the ogre.
The ogre is heavily wounded.
The ogre barely misses you.
You hit the ogre but do no damage.
The ogre is heavily wounded.
The ogre hits you but does no damage.
You hit the ogre.
The ogre is heavily wounded.
The ogre completely misses you.
You slash the ogre!
The ogre is severely wounded.
The ogre hits you with a +0 giant club!
Ouch! That really hurt!
You die...

#........ #........
#........ #........
+........ ###
#........
...#O)...... #.#@####
#......# #......#
#..>...#
#......#############
#.#....%............
...#..###############
#.####.# #. #.#


You could see an ogre.

Vanquished Creatures
  3 adders
  A gnoll (D:1)
  2 worms
  An orc (D:3)
  2 bats
  4 endoplasms
  A hobgoblin (D:1)
  3 quokkas
  2 ball pythons (D:1)
  2 frilled lizards
  4 goblins
  7 kobolds
  2 rats (D:3)
34 creatures vanquished.

Notes
Turn   | Place    | Note
-------+----------+-------------------------------------------
     0 | D:1      | qw the Gargoyle Fighter began the quest for the Orb.
     0 | D:1      | Reached XP level 1. HP: 14/14 MP: 1/1
     0 | D:1      | 0 ||| qw: Version: 0.2-a-10-g37ed214
     0 | D:1      | 0 ||| qw: Game counter: 613
     0 | D:1      | 0 ||| qw: Always use a shield: true
     0 | D:1      | 0 ||| qw: God list: Okawaru
     0 | D:1      | 0 ||| qw: Allow faded altars: false
     0 | D:1      | 0 ||| qw: Do Orc after D:15 true
     0 | D:1      | 0 ||| qw: Do second Lair branch before Depths: true
     0 | D:1      | 0 ||| qw: Lair rune preference: random
     0 | D:1      | 0 ||| qw: Plans: Normal, Zot:1-4, God:TSO, Crypt, Tomb,
                  | Pan, Slime:5, Hells, Abyss, Orb
     0 | D:1      | 0 ||| PLANNING D:1-11
    78 | D:1      | Found a faded altar of an unknown god.
    93 | D:1      | Reached skill level 2 in Axes
   339 | D:1      | Reached XP level 2. HP: 19/19 MP: 2/2
   342 | D:1      | 342 ||| Stepping ~*~*~tactically~*~*~ (stealth).
   596 | D:1      | 596 ||| Stepping ~*~*~tactically~*~*~ (stealth).
   601 | D:1      | Reached skill level 3 in Axes
   601 | D:1      | Reached XP level 3. HP: 6/23 MP: 3/3
   839 | D:1      | 839 ||| DROPPING +0 whip.
  1200 | D:1      | 1200 ||| UPGRADING to +0 plate armour.
  1210 | D:1      | 1210 ||| DROPPING +0 scale mail.
  1211 | D:1      | 1211 ||| UPGRADING to +4 ring of protection.
  1212 | D:1      | 1212 ||| READING scroll labelled GEKKIA SACVY.
  1213 | D:1      | 1213 ||| READING scroll labelled SOTEGI ETTIWNE.
  1214 | D:1      | 1214 ||| READING scroll labelled RUABLU MORCHU.
  1214 | D:1      | Identified a scroll of acquirement
  1214 | D:1      | 1214 ||| ACQUIRING -1 pair of gloves "Jimuas" {Regen+
                  | Int+4}
  1214 | D:1      | Acquired the -1 pair of gloves "Jimuas" {Regen+ Int+4}
  1216 | D:1      | 1216 ||| UPGRADING to -1 pair of gloves "Jimuas" {Regen+
                  | Int+4}.
  1221 | D:1      | 1221 ||| READING 3 scrolls labelled CAROCUI BESKYK.
  1222 | D:1      | 1222 ||| READING scroll labelled KUUTHR PYEDEYTOO.
  1225 | D:1      | 1225 ||| READING 2 scrolls of identify.
  1225 | D:1      | 1225 ||| IDENTIFYING sedimented orange potion
  1226 | D:1      | 1226 ||| DROPPING potion of degeneration.
  1248 | D:2      | Found a bloodstained altar of Trog.
  1831 | D:2      | Found Huep's Armour Emporium.
  1835 | D:2      | 1835 ||| BUYING +0 cloak (45 gold).
  1835 | D:2      | Bought a +0 cloak for 45 gold pieces
  1835 | D:2      | 1835 ||| SHOPLISTING +0 plate armour of Alunirui {Contam
                  | rElec rN+} (356 gold, have 67).
  1835 | D:2      | 1835 ||| SHOPLISTING +2 plate armour of poison resistance
                  | (370 gold, have 67).
  1835 | D:2      | 1835 ||| SHOPLISTING +2 scale mail of fire resistance (210
                  | gold, have 67).
  1835 | D:2      | 1835 ||| SHOPLISTING scarf of resistance (320 gold, have
                  | 67).
  2107 | D:2      | 2107 ||| UPGRADING to +0 cloak.
  2112 | D:2      | 2112 ||| DRINKING 2 coppery potions.
  2155 | D:3      | 2155 ||| STAIRDANCE
  2180 | D:3      | Reached XP level 4. HP: 27/28 MP: 4/4
  2257 | D:3      | Reached skill level 4 in Axes
  2267 | D:3      | Noticed an ogre
  2272 | D:3      | HP: 6/28 [ogre/+0 giant club (17)]
  2276 | D:3      | Slain by an ogre

Levels and vault maps discovered:
D:1:      dpeg_arrival_rooms_c, layout_loops_ring, basic_ecumenical_altar
D:2:      layout_basic, serial_shops, nicolae_shop_stone, basic_altar
D:3:      layout_basic, amethyst_overflow_temple_binary, patterned_corridor

Skill      XL: |  1  2  3  4 |
---------------+-------------+-----
Axes           | 2 3 4 |  4.1
Fighting       | |  3.2
Armour         | |  3.2
Shields        | |  3.2

Action                   |  1- 3 |  4- 6 || total
-------------------------+-------+-------++-------
Melee: War axe           |    87 |    24 ||   111
Throw: Boomerang         |     8 |     4 ||    12
  Use: Scroll            |     6 |       ||     6
       Potion            |     1 |       ||     1
Armor: Scale mail        |    18 |       ||    18
       Plate armour      |    24 |    12 ||    36
Dodge: Dodged            |    32 |     6 ||    38
Block: Buckler           |     9 |     2 ||    11

Table legend:
 A = Non-vault XP
 B = Vault XP
 C = Vault XP percentage of total XP
 D = Non-vault monster count
 E = Vault monster count
 F = Vault count percentage of total count
                 A         B        C        D         E       F
            +---------+---------+-------+---------+---------+-------
      Total |     112 |       0 |   0.0 |      34 |       0 |   0.0
            +---------+---------+-------+---------+---------+-------
        D:1 |      42 |       0 |   0.0 |      18 |       0 |   0.0
        D:2 |      28 |       0 |   0.0 |       8 |       0 |   0.0
        D:3 |      42 |       0 |   0.0 |       8 |       0 |   0.0
            +---------+---------+-------+---------+---------+-------
